 Dungeon Crawl Stone Soup version 0.30-a0-459-g9104f0fc43 (webtiles) character file.

Game seed: 10723487129634362516

521 freelancePsychic the Ruffian (level 7, -5/67 HPs)
             Began as a Troll Artificer on Dec 15, 2022.
             Slain by a two-headed ogre
             ... wielding a +0 giant club
              (14 damage)
             ... on level 5 of the Dungeon.
             The game lasted 00:06:36 (3146 turns).

freelancePsychic the Ruffian (Troll Artificer)      Turns: 3146, Time: 00:06:37

Health: -5/67      AC:  4    Str: 23    XL:     7   Next: 1%
Magic:  6/6        EV: 10    Int:  7    God:
Gold:   277        SH:  0    Dex: 10    Spells: 6/6 levels left

rFire   . . .      SeeInvis .      - Unarmed
rCold   . . .      Faith    .    (no shield)
rNeg    . . .      Spirit   .    b - +0 robe
rPois   +          Reflect  .    (helmet restricted)
rElec   .          Harm     .    (no cloak)
rCorr   .          Rampage  .    (gloves unavailable)
Will    .....                    (boots unavailable)
Stlth   +.........               (no amulet)
HPRegen 1.11/turn                a - ring of poison resistance
MPRegen 0.10/turn                (no ring)

@: no status effects
A: large, unfitting armour, claws 3, regeneration 1, shaggy fur 1, tough skin 1
a: no special abilities


You were on level 5 of the Dungeon.
You visited 1 branch of the dungeon, and saw 6 of its levels.

You collected 277 gold pieces.

Inventory:

Missiles
 o - 6 javelins
 u - 6 poisoned darts
 w - 4 large rocks
Armour
 b - a +0 robe (worn)
Jewellery
 a - a ring of poison resistance (left claw)
Wands
 c - a wand of flame (10) (quivered)
 d - a wand of charming (22)
Scrolls
 h - a scroll of amnesia
 i - 2 scrolls of teleportation {@r4}
 n - 2 scrolls of blinking
Potions
 k - a potion of attraction {unknown}
 l - a potion of heal wounds {unknown}
 p - a potion of invisibility {unknown}
 q - a potion of curing {unknown}
 s - a potion of magic {unknown}


   Skills:
 + Level 3.3 Fighting
 - Level 1.2 Throwing
 - Level 1.9 Dodging
 - Level 0.3 Stealth
 + Level 4.6 Unarmed Combat
 + Level 2.7 Earth Magic
 - Level 2.1 Evocations


You had 6 spell levels left.
You didn't know any spells.
Your spell library contained the following spells:

 Spells                   Type           Power      Damage    Failure   Level
 Beastly Appendage        Tmut           0%         N/A       43%         1
 Summon Small Mammal      Summ           0%         N/A       43%         1
 Scorch                   Fire           0%         2d5       56%         2
 Wereblood                Tmut           0%         N/A       56%         2
 Call Canine Familiar     Summ           0%         N/A       80%         3
 Inner Flame              Hex/Fire       0%         N/A       80%         3
 Kindle Blastsparks       Fire/Tloc/Air  0%         2d10      80%         3
 Portal Projectile        Hex/Tloc       0%         N/A       80%         3
 Spider Form              Tmut/Pois      0%         N/A       80%         3
 Summon Guardian Golem    Hex/Summ       0%         N/A       80%         3
 Tukima's Dance           Hex            0%         N/A       80%         3
 Vhi's Electric Charge    Tloc/Air       0%         N/A       80%         3
 Leda's Liquefaction      Hex/Erth       0%         N/A       95%         4
 Flame Wave               Conj/Fire      0%         2d4       99%         4
 Fulminant Prism          Conj/Hex       0%         3d5       99%         4
 Iskenderun's Mystic Bla  Conj/Tloc      0%         2d3       99%         4
 Sticky Flame             Conj/Fire      0%         2d3       99%         4
 Lee's Rapid Deconstruct  Erth           1%         3d4*      99%         5
 Arcjolt                  Conj/Air       0%         1d10      100%        5
 Blade Hands              Tmut           0%         N/A       100%        5
 Statue Form              Tmut/Erth      0%         N/A       100%        6
 Summon Cactus Giant      Summ           0%         N/A       100%        6
 Maxwell's Capacitive Co  Air            0%         ∞         100%        8


Dungeon Overview and Level Annotations

Branches:
Dungeon (6/15)
 Temple: D:4-7

Altars:
Gozag
Nemelex Xobeh
Vehumet

Shops:
D:2 [

Annotations:
D:5 1 runed translucent door, Crazy Yiuf


Innate Abilities, Weirdness & Mutations

You are too large for most types of armour.
You have claws for hands.
Your natural rate of healing is unusually fast.
You are covered in fur. (AC +1)
You have tough skin. (AC +1)


Message History

Aiming: Throw Flame
Press: ? - help, Q - select action, (/) - cycle Shift-Dir - straight line, f - two-headed ogre
Aim: a two-headed ogre, wielding a +0 giant club and a +0 great mace (86% to hit)
The puff of flame hits the two-headed ogre.
The two-headed ogre is lightly wounded.
Aiming: Throw Flame
Press: ? - help, Q - select action, (/) - cycle Shift-Dir - straight line, f/p - two-headed ogre
Aim: a two-headed ogre, wielding a +0 giant club and a +0 great mace (lightly wounded, 86% to hit)
The puff of flame hits the two-headed ogre.
The two-headed ogre is lightly wounded.
Aiming: Iceblast
Press: ? - help, Shift-Dir - straight line, f/p - two-headed ogre
Aim: a two-headed ogre, wielding a +0 giant club and a +0 great mace (lightly wounded)
The mass of ice explodes!
The iceblast engulfs the two-headed ogre!
The two-headed ogre is moderately wounded.
Aiming: Iceblast
Press: ? - help, Shift-Dir - straight line, f/p - two-headed ogre
Aim: a two-headed ogre, wielding a +0 giant club and a +0 great mace (moderately wounded)
The mass of ice explodes!
The iceblast engulfs the two-headed ogre!!
The two-headed ogre is severely wounded.
Aiming: Iceblast
Press: ? - help, Shift-Dir - straight line, f/p - two-headed ogre
Aim: a two-headed ogre, wielding a +0 giant club and a +0 great mace (severely wounded)
The mass of ice explodes!
The iceblast engulfs the two-headed ogre!
The two-headed ogre is almost dead.
The now-empty wand crumbles to dust.
You scratch the two-headed ogre.
The two-headed ogre is almost dead.
The two-headed ogre hits you with a +0 giant club!!
The two-headed ogre hits you with a +0 great mace!!
You are too injured to fight recklessly!
You barely miss the two-headed ogre.
The two-headed ogre is almost dead.
The two-headed ogre hits you with a +0 giant club!
* * * LOW HITPOINT WARNING * * *
The two-headed ogre hits you with a +0 great mace!
You die...

..'.......)...#
.##...†.##....#
###+####....# #....#
#....# #....# #....#
### .. ########O...#
..## ..##.....##@...#
...# .........##)...#
...# ...............#
...# ...............#
...#..<.............#
..##..........#######
####..........##
..##...##......+
..##...##.....##


You could see a two-headed ogre.

Vanquished Creatures
  A water moccasin (D:5)
  A black bear (D:5)
  4 orc priests
  An iguana (D:3)
  An orc wizard (D:6)
  5 adders
  A shadow imp (D:6)
  An ufetubus (D:6)
  A worm (D:3)
  25 orcs
  10 ball pythons
  4 bats
  5 endoplasms
  3 giant cockroaches
  5 goblins
  6 hobgoblins
  5 jackals
  A quokka (D:1)
  4 frilled lizards
  8 kobolds
  4 rats
96 creatures vanquished.

Vanquished Creatures (collateral kills)
  An iguana (D:5)
1 creature vanquished.

Vanquished Creatures (others)
  5 plants (D:4)
5 creatures vanquished.

Grand Total: 102 creatures vanquished

Notes
Turn   | Place    | Note
-------+----------+-------------------------------------------
     0 | D:1      | freelancePsychic the Troll Artificer began the quest for
                  | the Orb.
     0 | D:1      | Reached XP level 1. HP: 18/18 MP: 0/0
   111 | D:1      | Reached skill level 1 in Fighting
   115 | D:1      | Reached skill level 1 in Unarmed Combat
   118 | D:1      | Reached XP level 2. HP: 27/27 MP: 1/1
   421 | D:1      | Reached skill level 2 in Unarmed Combat
   760 | D:2      | Reached XP level 3. HP: 33/33 MP: 2/2
   798 | D:2      | Found Zogo's Antique Armour Emporium.
  1264 | D:3      | Reached skill level 3 in Unarmed Combat
  1264 | D:3      | Reached XP level 4. HP: 26/42 MP: 3/3
  1265 | D:3      | Reached skill level 1 in Throwing
  1401 | D:3      | Found a sparkling altar of Nemelex Xobeh.
  2186 | D:4      | Reached XP level 5. HP: 49/49 MP: 4/4
  2663 | D:5      | Entered Level 5 of the Dungeon
  2734 | D:5      | Found a runed translucent door.
  2735 | D:5      | Noticed Crazy Yiuf
  2820 | D:5      | Reached skill level 1 in Earth Magic
  2896 | D:6      | Reached XP level 6. HP: 49/59 MP: 5/5
  2917 | D:5      | Reached skill level 4 in Unarmed Combat
  2969 | D:5      | Found an opulent altar of Gozag.
  2969 | D:5      | Found a radiant altar of Vehumet.
  2979 | D:5      | Noticed a water moccasin
  3000 | D:5      | Killed a water moccasin
  3127 | D:5      | Reached XP level 7. HP: 67/67 MP: 6/6
  3127 | D:5      | Noticed a two-headed ogre
  3146 | D:5      | Slain by a two-headed ogre

Illustrated notes

Levels and vault maps discovered:
D:1:      wheals_arrival_shading, layout_loops_cross, due_unseen_surprise
D:2:      layout_rooms, serial_shops, shop
D:3:      layout_rooms, lemuel_crystal_altar, grunt_ministairs_2
D:4:      layout_loops_corners, chequers_big_river
D:5:      layout_gridville, mainiacjoe_overflow_alcove_2,
          gammafunk_temple_overflow_wave, lemuel_tele_altar,
          gammafunk_ghost_cemetery, uniq_crazy_yiuf_cottage
D:6:      layout_basic, uniq_pikel

Skill      XL: |  1  2  3  4  5  6 |
---------------+-------------------+-----
Fighting       | 1 2 3 |  3.3
Unarmed Combat | 1 2 3 4 |  4.6
Throwing       | 1 |  1.2
Earth Magic    | 1 2 |  2.7
Dodging        | |  1.9
Stealth        | |  0.3
Evocations     | |  2.1

Action                   |  1- 3 |  4- 6 |  7- 9 || total
-------------------------+-------+-------+-------++-------
Melee: Unarmed           |   110 |   154 |     2 ||   266
       Punch             |     2 |     1 |       ||     3
Evoke: Wand              |       |     6 |     5 ||    11
  Use: Scroll            |       |    11 |       ||    11
       Potion            |       |     2 |       ||     2
 Stab: Sleeping          |     1 |       |       ||     1
Armor: Robe              |    38 |    36 |       ||    74
Dodge: Dodged            |    74 |    75 |       ||   149

Table legend: (Time is in decaauts)
 A = Elapsed time spent in this place.
 B = Non-inter-level travel time spent in this place.
 C = Inter-level travel time spent in this place.
 D = Time resting spent in this place.
 E = Time spent auto-exploring this place.
 F = Levels seen in this place.
 G = Mean time per level.
                   A        B        C        D        E       F      G
               +--------+--------+--------+--------+--------+-----+--------+
         Total |   3134 |   3025 |    109 |    131 |   2187 |   6 |  522.3 |
       Dungeon |   3134 |   3025 |    109 |    131 |   2187 |   6 |  522.3 |
               +--------+--------+--------+--------+--------+-----+--------+

Top non-repeatable levels by time:
     D:4: 1069 daAuts
     D:1: 729 daAuts
     D:2: 442 daAuts
     D:3: 413 daAuts
     D:5: 370 daAuts
     D:6: 108 daAuts
